 Dungeon Crawl Stone Soup version 0.29.1-1-gd02db6906a (webtiles) character file.

Game seed: 16826032232894268318

7655 Bqawayeah the Jinx (level 10, -1/68 HPs)
             Began as a Demonspawn Enchanter on Oct 1, 2022.
             Was a Believer of Dithmenos.
             Slain by an unseen horror (8 damage)
             ... on level 9 of the Dungeon.
             The game lasted 00:59:44 (10836 turns).

Bqawayeah the Jinx (Demonspawn Enchanter)          Turns: 10836, Time: 00:59:44

Health: -1/68      AC:  5    Str:  7 (9)  XL:     10   Next: 99%
Magic:  21/21      EV: 19    Int: 22 (25) God:    Dithmenos [**....]
Gold:   1198       SH:  5    Dex: 12 (13) Spells: 8/24 levels left

rFire   + + +      SeeInvis .   O - +7 dagger of the Pit {vorpal, *Rage rElec rF++ Int+4}
rCold   + . .      Faith    .   j - +2 buckler
rNeg    . . .      Spirit   .   I - +0 robe {rF+}
rPois   .          Reflect  .   v - +0 helmet
rElec   +          Harm     .   (no cloak)
rCorr   .          Rampage  .   (no gloves)
Will    .....      Rage     20% M - +1 pair of boots {Fly}
Stlth   ++++......              b - amulet of magic regeneration
HPRegen 0.21/turn               f - +4 ring of evasion
MPRegen 0.57/turn               R - ring of ice

@: on berserk cooldown, flying, slowed, wreathed by umbra, invisible, very slow
A: claws 2, repulsion field 2, powered by death 2, fire resistance 1, MP-powered
wands
a: Renounce Religion, Shadow Step


You were on level 9 of the Dungeon.
You worshipped Dithmenos.
Dithmenos was pleased with you.
You visited 2 branches of the dungeon, and saw 11 of its levels.
You also visited: Bailey.

You collected 1198 gold pieces.

Inventory:

Hand Weapons
 e - a +2 dagger of venom
 O - the +7 dagger of the Pit (weapon) {vorpal, *Rage rElec rF++ Int+4}
   (You found it on level 8 of the Dungeon)

   It inflicts extra damage upon your enemies.
   Int:       It affects your intelligence (+4).
   rF:        It greatly protects you from fire.
   rElec:     It insulates you from electricity.
   *Rage:     It berserks you when you make melee attacks (+20% chance).
Missiles
 p - 2 curare-tipped darts (quivered)
 t - 4 boomerangs of dispersal
Armour
 j - a +2 buckler (worn)
 v - a +0 helmet (worn)
 I - a +0 robe of fire resistance (worn)
 M - a +1 pair of boots of flying (worn)
Jewellery
 b - an amulet of magic regeneration (around neck)
 f - a +4 ring of evasion (left claw)
 C - a ring of fire
 L - a ring of flight
 P - a +6 ring of strength
 R - a ring of ice (right claw)
 T - a ring of resist corrosion
Wands
 k - a wand of quicksilver (13)
 s - a wand of flame (24)
 D - a wand of roots (11)
 N - a wand of polymorph (5)
 Q - a wand of paralysis (8)
Scrolls
 a - a scroll of acquirement {unknown}
 d - 2 scrolls of brand weapon
 h - 7 scrolls of teleportation
 m - 2 scrolls of vulnerability
 u - a scroll of magic mapping
 x - 3 scrolls of blinking
 y - a scroll of enchant weapon {unknown}
 z - a scroll of amnesia {unknown}
 A - a scroll of poison {unknown}
 E - a scroll of immolation {unknown}
 H - a scroll of enchant armour {unknown}
 J - 3 scrolls of fear
 S - 2 scrolls of fog
 U - a scroll of identify
Potions
 c - 3 potions of invisibility
 i - a potion of might
 l - 2 potions of ambrosia {unknown}
 n - 3 potions of attraction {unknown}
 o - a potion of haste {unknown}
 q - a potion of curing {unknown}
 r - 2 potions of brilliance
 w - a potion of experience {unknown}
 F - a potion of magic {unknown}
 G - a potion of heal wounds {unknown}
 K - 4 potions of mutation


   Skills:
 - Level 2.4 Fighting
 * Level 6.0 Short Blades
 + Level 3.7 Dodging
 - Level 6.2 Stealth
 + Level 0.3 Shields
 * Level 7.7 Spellcasting
 - Level 2.7 Conjurations
 - Level 9.0 Hexes
 * Level 4.9 Ice Magic
 - Level 4.6 Invocations


You had 8 spell levels left.
You knew the following spells:

 Your Spells              Type           Power      Damage    Failure   Level
a - Ensorcelled Hibernat  Hex/Ice        100%       N/A       1%          2
b - Tukima's Dance        Hex            48%        N/A       1%          3
c - Confusing Touch       Hex            48%        N/A       1%          3
d - Dazzling Flash        Conj/Hex       68%        N/A       2%          3
e - Metabolic Englaciati  Hex/Ice        28%        N/A       16%         5

Your spell library contained the following spells:

 Spells                   Type           Power      Damage    Failure   Level
 Static Discharge         Conj/Air       14%        3-5/arc   9%          2
 Apportation              Tloc           16%        N/A       11%         1
 Necrotise                Necr           32%        1d5       11%         1
 Summon Small Mammal      Summ           32%        N/A       11%         1
 Corpse Rot               Necr/Pois/Air  8%         N/A       71%         4
 Dispel Undead            Necr           8%         3d8       71%         4
 Petrify                  Tmut/Erth      8%         N/A       71%         4
 Lightning Bolt           Conj/Air       7%         1d19      86%         5
 Death Channel            Necr           4%         N/A       100%        6
 Statue Form              Tmut/Erth      5%         N/A       100%        6
 Maxwell's Capacitive Co  Air            4%         ∞         100%        8


Dungeon Overview and Level Annotations

Branches:
Dungeon (10/15)            Temple (1/1) D:6          Bailey (visited)
   Lair: D:8-11         Orc: D:9-12

Altars:
Ashenzari
Cheibriados
Dithmenos
Fedhas
Gozag
Hepliaklqana
Kikubaaqudgha
Makhleb
Nemelex Xobeh
Okawaru
Qazlal
Ru
Trog
Uskayaw
Vehumet
Wu Jian
Xom
Yredelemnul

Shops:
D:2 =?   D:5 :*


Innate Abilities, Weirdness & Mutations

You have very sharp fingernails.
You are surrounded by a moderate repulsion field. (EV +3)
You regenerate health from kills.
Your flesh is heat resistant. (rF+)
You expend magic power (3 MP) to strengthen your wands.


Message History

You hit something but do no damage. Something closely misses you.
Something closely misses you. You block something's attack.
Something barely misses you.
A red film seems to cover your vision as you go berserk!
You feel yourself moving faster!
You feel mighty!
You puncture something! Something hits you.
You closely miss something. Something barely misses you.
You barely miss something. Something closely misses you. Something hits you.
You feel a strong urge to attack something.
Something barely misses you.
You feel your anger nearly subside.
You are no longer berserk.
You are exhausted.
You feel yourself slow down. Something hits you.
You hit something. Something hits you! Something hits you.
There is a stone staircase leading up, spattered with blood here.
Something hits you.
You barely miss something. Something hits you.
You fade into invisibility!
It was a potion of degeneration.
There was something very wrong with that liquid.
You feel weakened.
You feel dopey.
You feel clumsy.
You feel a little less mighty now. Something hits you.
* * * LOW HITPOINT WARNING * * *
Something closely misses you.
There is a stone staircase leading up, spattered with blood here.
You hit something. Something hits you!
* * * LOW HITPOINT WARNING * * *
Something hits you.
* * * LOW HITPOINT WARNING * * *
Something hits you.
* * * LOW HITPOINT WARNING * * *
You fly upwards.
Reactivating autopickup.
There is a stone staircase leading down here.
Something hits you!
You die...

####### ......#####
..........#
..........#
..........#
..####....#########
..........##......#
..........##.####.#
...............!@>#
####...#####.####.#
...'...# ### #.#
####...# #.#
.......# #.#
.......# #.#
..###### #.# ###
#.# #.#


There were no monsters in sight!

Vanquished Creatures
  Pikel (D:6)
  A hornet (D:9)
  15 yaks
  A shadow (D:9)
  4 steam dragons
  A water moccasin (D:6)
  Duvessa (D:6)
  3 black bears
  8 orc warriors
  2 ice beasts (D:6)
  2 ogres
  A centaur (D:7)
  A lemure (D:6)
  A phantom (D:5)
  2 kobold brigands
  5 bullfrogs
  A necrophage (D:6)
  A gnoll sergeant (D:6)
  6 scorpions
  A wight (D:6)
  Dowan (D:6)
  4 killer bees (D:9)
  2 electric eels
  A howler monkey (D:6)
  A gnoll bouda (D:7)
  4 orc priests
  3 hounds
  4 jellies
  2 orc wizards
  Natasha (twice) (D:3)
  6 iguanas
  Robin (D:3)
  12 adders
  8 gnolls
  2 white imps
  4 ufetubi
  4 worms
  A dart slug (D:1)
  21 orcs
  8 endoplasms
  2 giant cockroaches (D:4)
  19 goblins
  6 hobgoblins
  3 quokkas
  9 ball pythons
  5 bats
  A frilled lizard (D:2)
  14 kobolds
  5 rats
213 creatures vanquished.

Vanquished Creatures (collateral kills)
  An orc warrior (Bailey)
  An orc wizard (D:9)
  2 gnolls
  An orc (D:9)
5 creatures vanquished.

Vanquished Creatures (others)
  4 dancing weapons
  An orc (D:7)
  A goblin (D:7)
6 creatures vanquished.

Grand Total: 224 creatures vanquished

Notes
Turn   | Place    | Note
-------+----------+-------------------------------------------
     0 | D:1      | Bqawayeah the Demonspawn Enchanter began the quest for the
                  | Orb.
     0 | D:1      | Reached XP level 1. HP: 13/13 MP: 3/3
    22 | D:1      | Reached skill level 1 in Short Blades
   634 | D:1      | Found a faded altar of an unknown god.
   641 | D:1      | Gained mutation: You are surrounded by a mild repulsion
                  | field. (EV +2) [demonic ancestry]
   641 | D:1      | Reached XP level 2. HP: 20/20 MP: 5/5
   869 | D:1      | Learned a level 2 spell: Ensorcelled Hibernation
  1049 | D:2      | Reached XP level 3. HP: 25/25 MP: 3/6
  1264 | D:2      | Learned a level 3 spell: Tukima's Dance
  1280 | D:2      | Found Kuschat's Jewellery Emporium.
  1330 | D:2      | Found Dabasch's Magic Scroll Shoppe.
  1683 | D:2      | Gained mutation: You have sharp fingernails. [demonic
                  | ancestry]
  1683 | D:2      | Reached XP level 4. HP: 28/31 MP: 5/8
  1751 | D:2      | Reached skill level 1 in Ice Magic
  1862 | D:3      | Learned a level 3 spell: Confusing Touch
  1925 | D:3      | Noticed an ogre
  1933 | D:3      | Killed an ogre
  1934 | D:3      | Reached skill level 1 in Fighting
  1934 | D:3      | Gained mutation: You regenerate a little health from kills.
                  | [demonic ancestry]
  1934 | D:3      | Reached XP level 5. HP: 23/37 MP: 3/9
  2229 | D:3      | Found a blossoming altar of Fedhas.
  2451 | D:3      | Noticed Robin
  2467 | D:3      | Killed Robin
  2624 | D:3      | Noticed Natasha
  2631 | D:3      | Killed Natasha
  2632 | D:3      | Gained mutation: You regenerate health from kills. [demonic
                  | ancestry]
  2632 | D:3      | Reached XP level 6. HP: 43/43 MP: 11/11
  2638 | D:3      | Learned a level 3 spell: Dazzling Flash
  2685 | D:3      | Noticed Natasha
  2691 | D:3      | Killed Natasha
  2990 | D:4      | Reached skill level 1 in Conjurations
  3234 | D:4      | Gained mutation: You have very sharp fingernails. [demonic
                  | ancestry]
  3234 | D:4      | Reached XP level 7. HP: 48/48 MP: 9/13
  3310 | D:4      | Found a shadowy altar of Dithmenos.
  3320 | D:4      | Became a worshipper of Dithmenos the Shadowed
  3520 | D:5      | Entered Level 5 of the Dungeon
  3764 | D:5      | Reached skill level 1 in Invocations
  3781 | D:5      | Found a shimmering altar of Xom.
  3968 | D:5      | Found a bloodstained altar of Trog.
  4030 | D:5      | Reached skill level 5 in Spellcasting
  4177 | D:5      | Found Ixaup's General Store.
  4230 | D:5      | Found Ducischeh's Book Shop.
  4616 | D:5      | Reached XP level 8. HP: 56/56 MP: 10/15
  4889 | D:6      | Found an opulent altar of Gozag.
  4974 | D:6      | Reached skill level 4 in Hexes
  5264 | D:6      | Found a staircase to the Ecumenical Temple.
  5377 | D:6      | Reached * piety under Dithmenos
  5523 | D:6      | Noticed Duvessa
  5530 | D:6      | Noticed Dowan
  5535 | D:6      | Killed Duvessa
  5536 | D:6      | Gained mutation: You are surrounded by a moderate repulsion
                  | field. (EV +3) [demonic ancestry]
  5536 | D:6      | Reached XP level 9. HP: 41/62 MP: 8/19
  5542 | Temple   | Entered the Ecumenical Temple
  5764 | D:6      | Killed Dowan
  5855 | D:6      | Found an ornate altar of the Wu Jian Council.
  6000 | D:6      | Noticed Pikel
  6019 | D:6      | Killed Pikel
  6020 | D:6      | Reached skill level 6 in Hexes
  6629 | D:7      | Found a flagged portal.
  6645 | Bailey   | Entered a bailey
  6863 | Bailey   | Reached skill level 5 in Stealth
  7095 | Bailey   | Reached skill level 7 in Hexes
  7403 | Bailey   | Reached ** piety under Dithmenos
  7458 | D:7      | Reached XP level 10. HP: 56/68 MP: 13/20
  7550 | D:7      | Learned a level 5 spell: Metabolic Englaciation
  7989 | D:8      | Identified the +7 dagger of the Pit {vorpal, *Rage rElec
                  | rF++ Int+4}
  8019 | D:8      | Reached skill level 5 in Short Blades
  8103 | D:8      | Found a hazy altar of Hepliaklqana.
  8212 | D:8      | Found a broken altar of Ashenzari.
  8252 | D:8      | Found a burning altar of Makhleb.
  8353 | D:8      | Reached skill level 8 in Hexes
  9225 | D:9      | Paralysed by a hornet for 1 turns
  9393 | D:9      | Reached skill level 9 in Hexes
  9699 | D:9      | Found a snail-covered altar of Cheibriados.
  9771 | D:10     | Entered Level 10 of the Dungeon
 10792 | D:9      | Gained mutation: You expend magic power (3 MP) to
                  | strengthen your wands. [potion of mutation]
 10792 | D:9      | Gained mutation: Your flesh is heat resistant. (rF+)
                  | [potion of mutation]
 10836 | D:9      | Slain by an unseen horror

Illustrated notes

Levels and vault maps discovered:
D:1:      lightli_arrival_statuegarden, layout_basic,
          shapermc_ecumenical_altar_pompeii
D:2:      layout_rooms, serial_shops, shop, nicolae_shop_advertising_works
          [nicolae_subvault_shop_adworks]
D:3:      layout_basic, mainiacjoe_overflow_alcove_4, uniq_robin, uniq_natasha
D:4:      layout_loops_ring, grunt_dithmenos_smoke
D:5:      minmay_spotlight, layout_loops_ring, lemuel_tele_altar, minitemple,
          serial_shops, kennysheep_little_box, nicolae_shop_hallway_stairs
D:6:      layout_basic, nzn_wu_jian_council_hall,
          minmay_temple_entry_stoned_glass, nicolae_lava_and_water,
          minmay_ruined_shrine, uniq_duvessa, uniq_pikel
D:7:      layout_loops_ring, enter_bailey_3, nrook_pool_corridor,
          chequers_serial_rivers_micro_b, st_stairs_1, minmay_strange_pillars,
          minmay_statues_item, nicolae_concentric_dashed_squares_wild
D:8:      layout_rooms, nicolae_hepliaklqana_hazy_memory,
          mainiacjoe_overflow_catch_the_wave, chequers_decorated_corner,
          kennysheep_big_empty_room
D:9:      layout_basic, mainiacjoe_overflow_surrounded_room
D:10:     layout_rooms, nicolae_shop_i_like_big_books,
          hangedman_abyss_or_decor_stagger, minmay_hedge_maze, uniq_urug,
          uniq_lodul
Temple:   hellmonk_temple_two_chambers

Skill      XL: |  1  2  3  4  5  6  7  8  9 10 |
---------------+-------------------------------+-----
Short Blades   | 1 2 3 4 6 |  6.0
Dodging        | 2 3 |  3.7
Ice Magic      | 1 2 3 4 |  4.9
Fighting       | 1 2 |  2.4
Spellcasting   | 3 4 5 7 |  7.7
Stealth        | 3 4 5 6 |  6.2
Conjurations   | 1 2 |  2.7
Invocations    | 2 4 |  4.6
Hexes          | 4 7 9 |  9.0
Shields        | |  0.3

Action                   |  1- 3 |  4- 6 |  7- 9 | 10-12 || total
-------------------------+-------+-------+-------+-------++-------
Melee: Dagger            |    67 |   103 |   253 |   185 ||   608
       Punch             |       |     1 |     2 |     1 ||     4
 Cast: Ensorcelled Hiber |    12 |    14 |    74 |    38 ||   138
       Tukima's Dance    |       |     3 |    13 |     1 ||    17
       Confusing Touch   |       |     1 |    13 |    10 ||    24
Evoke: Wand              |       |       |       |     1 ||     1
  Use: Scroll            |       |       |       |     8 ||     8
       Potion            |       |       |       |     4 ||     4
 Stab: Sleeping          |     9 |    12 |    49 |    19 ||    89
       Confused          |       |     1 |     8 |     1 ||    10
       Distracted        |       |     1 |       |       ||     1
Armor: Robe              |     4 |    20 |    29 |    22 ||    75
Dodge: Dodged            |    33 |    96 |   199 |   142 ||   470
Block: Buckler           |       |       |       |    11 ||    11
